 Dungeon Crawl Stone Soup version 0.28-a0-1074-g3cb2360906 (webtiles) character file.

Game seed: 17859813539570329089

1424 Caerun the Basher (level 8, -9/72 HPs)
             Began as a Gargoyle Berserker on Dec 9, 2021.
             Was an Elder of Trog.
             Killed by divine providence
             ... invoked by an orc priest
              (13 damage)
             ... on level 6 of the Dungeon.
             The game lasted 00:16:01 (6426 turns).

Caerun the Basher (Gargoyle Berserker)              Turns: 6426, Time: 00:16:01

Health: -9/72      AC: 24    Str: 23    XL:     8   Next: 72%
Magic:  8/8        EV:  8    Int:  8    God:    Trog [****..]
Gold:   220        SH:  9    Dex:  9    Spells: 7/7 levels left

rFire   + + .      SeeInvis .   a - +3 flail (protect)
rCold   . . .      Faith    .   l - +0 buckler
rNeg    + . .      Spirit   .   v - +0 chain mail
rPois   ∞          Reflect  +   q - +0 helmet
rElec   +          Harm     .   c - +0 cloak
rCorr   .          Rampage  .   n - +0 pair of gloves
Will    .....                   (no boots)
Stlth   ..........              p - amulet of reflection
HPRegen 0.22/turn               g - ring of protection from fire
MPRegen 0.11/turn               e - ring of protection from fire

@: berserking, under a protective aura, very quick
A: sickness immunity, AC +5, negative energy resistance 1, electricity
resistance, torment resistance 1, petrification resistance
a: Renounce Religion, Berserk, Trog's Hand, Brothers in Arms


You were on level 6 of the Dungeon.
You worshipped Trog.
Trog was greatly pleased with you.
You visited 1 branch of the dungeon, and saw 6 of its levels.
You also visited: Sewer.

You collected 220 gold pieces.

Inventory:

Hand Weapons
 a - a +3 flail of protection (weapon)
 b - a +3 hunting sling of freezing
Missiles
 m - 24 sling bullets
 r - 208 stones (quivered)
Armour
 c - a +0 cloak (worn)
 l - a +0 buckler (worn)
 n - a +0 pair of gloves (worn)
 q - a +0 helmet (worn)
 v - a +0 chain mail (worn)
Jewellery
 e - a ring of protection from fire (right hand)
 g - a ring of protection from fire (left hand)
 p - an amulet of reflection (around neck)
Wands
 s - a wand of acid (8)
 t - a wand of paralysis (13)
 x - a wand of mindburst (7)
Scrolls
 f - 2 scrolls of amnesia {unknown}
 h - 3 scrolls of immolation {unknown}
 i - a scroll of torment {unknown}
 j - 3 scrolls of teleportation
 u - 2 scrolls of blinking {unknown}
 y - a scroll of brand weapon {unknown}
 A - a scroll of noise {unknown}
 B - a scroll of fear {unknown}
 D - 2 scrolls of identify
 E - a scroll of silence {unknown}
 F - a scroll of magic mapping {unknown}
Potions
 d - 3 potions of flight
 k - 2 potions of might
 o - a potion of mutation {unknown}
 w - 4 potions of curing
 z - a potion of resistance {unknown}
 C - a potion of invisibility {unknown}


   Skills:
 - Level 4.1 Fighting
 + Level 9.1 Maces & Flails
 + Level 1.6 Slings
 + Level 0.2(1.0) Throwing
 - Level 2.3 Armour
 - Level 1.6 Dodging
 + Level 5.3 Shields


You had 7 spell levels left.
You didn't know any spells.
Your spell library was empty.

Dungeon Overview and Level Annotations

Branches:
Dungeon (6/15)              Sewer (visited)
 Temple: D:4-7

Altars:
Cheibriados
Dithmenos
Fedhas
Zin

Annotations:
D:4 1 runed translucent door, Crazy Yiuf


Innate Abilities, Weirdness & Mutations

You are immune to sickness and miasma.
Your stone body is resilient. (AC +5)
You are immune to poison.
You resist negative energy. (rN+)
You are resistant to electric shocks. (rElec)
You are resistant to unholy torment.
You are immune to petrification.


Message History

You miss the orc priest.
You feel less confused.
The orc priest hits you but does no damage.
The orc hits you but does no damage.
The orc priest hits you but does no damage.
You thump the orc priest!
Your weapon exudes an aura of protection.
The orc priest is heavily wounded.
The orc priest hits you with a +0 falchion!
You block the orc's attack.
The orc priest hits you but does no damage.
You barely miss the orc priest.
The orc priest is heavily wounded.
The orc priest hits you but does no damage.
The orc hits you but does no damage. You block the orc priest's attack.
You barely miss the orc priest.
The orc priest is heavily wounded.
The orc priest mumbles some strange prayers to Beogh against you.
Pain shoots through your body! The orc barely misses you.
The orc priest calls down the wrath of Beogh upon you.
Beogh smites you!
* * * LOW HITPOINT WARNING * * *
Okay, then.
A red film seems to cover your vision as you go berserk!
You feel yourself moving faster!
You feel mighty! The orc priest barely misses you. You block the orc's attack.
The orc priest calls down the wrath of Beogh upon you.
Pain shoots through your body!
* * * LOW HITPOINT WARNING * * *
You barely miss the orc priest.
The orc priest is heavily wounded.
The orc barely misses you.
The orc priest hits you but does no damage.
You sock the orc priest!
Your weapon exudes an aura of protection.
You kill the orc priest!
Trog accepts your kill.
The orc priest calls down the wrath of Beogh upon you.
Beogh smites you!
You die...

#. ## .. .. #. ##
.#.## #.# ....#
#.##..# #.#..#
#)oo# ##@## #.# .$#
##.##### #..
#......# .(##
#..#######
#..#####.# ####
#.....<#.# #..#
#..###.#.# #..#
#..###.#.#####..###


You could see an orc priest and an orc.

Vanquished Creatures
  Edmund (D:4)
  A water moccasin (D:5)
  An ice beast (D:5)
  An orc warrior (D:6)
  A black bear (D:5)
  An ogre (D:6)
  A phantom (D:4)
  A kobold brigand (Sewer)
  A wyvern zombie (D:5)
  2 scorpions
  A centaur zombie (D:6)
  2 hounds (D:4)
  3 orc priests
  A scorpion zombie (D:5)
  An iguana (D:3)
  3 orc wizards
  A hound skeleton (D:4)
  Robin (D:3)
  9 adders
  A river rat (Sewer)
  An ufetubus (D:6)
  2 adder skeletons (D:4)
  A worm (D:4)
  3 dart slugs
  26 orcs
  7 bats
  5 endoplasms
  7 giant cockroaches
  11 goblins
  8 hobgoblins
  7 jackals
  4 quokkas
  8 ball pythons
  5 frilled lizards
  14 kobolds
  9 rats
152 creatures vanquished.

Notes
Turn   | Place    | Note
-------+----------+-------------------------------------------
     0 | D:1      | Caerun the Gargoyle Berserker began the quest for the Orb.
     0 | D:1      | Reached XP level 1. HP: 14/14 MP: 1/1
   338 | D:1      | Reached XP level 2. HP: 15/19 MP: 2/2
  1227 | D:1      | Reached XP level 3. HP: 24/24 MP: 3/3
  1685 | D:2      | Reached ** piety under Trog
  1998 | D:2      | Reached skill level 4 in Maces & Flails
  2235 | D:2      | Reached XP level 4. HP: 29/29 MP: 4/4
  2542 | D:3      | Noticed Robin
  2557 | D:3      | Killed Robin
  2689 | D:3      | Reached XP level 5. HP: 28/33 MP: 5/5
  2773 | D:3      | Reached skill level 5 in Maces & Flails
  2773 | D:3      | Reached skill level 1 in Shields
  3244 | D:4      | Noticed Edmund
  3253 | D:4      | Killed Edmund
  3254 | D:4      | Reached skill level 6 in Maces & Flails
  3254 | D:4      | Reached XP level 6. HP: 38/38 MP: 6/6
  3401 | D:4      | Found a snail-covered altar of Cheibriados.
  3511 | D:4      | Found a glowing silver altar of Zin.
  3590 | D:4      | Reached *** piety under Trog
  3896 | D:4      | Reached XP level 7. HP: 40/43 MP: 7/7
  3924 | D:4      | Reached skill level 7 in Maces & Flails
  4019 | D:4      | Found a blossoming altar of Fedhas.
  4157 | D:4      | Found a runed translucent door.
  4158 | D:4      | Noticed Crazy Yiuf
  4540 | D:5      | Entered Level 5 of the Dungeon
  4882 | D:5      | Found a shadowy altar of Dithmenos.
  4913 | D:5      | Reached skill level 8 in Maces & Flails
  5104 | D:5      | Reached XP level 8. HP: 46/48 MP: 8/8
  5416 | D:5      | Reached skill level 1 in Slings
  5770 | D:6      | Found a glowing drain.
  5819 | Sewer    | Entered a sewer
  6014 | Sewer    | Found a white marble altar of Elyvilon.
  6206 | D:6      | Reached skill level 5 in Shields
  6345 | D:6      | Reached skill level 9 in Maces & Flails
  6407 | D:6      | Reached **** piety under Trog
  6426 | D:6      | Killed from afar by an orc priest

Illustrated notes

Levels and vault maps discovered:
D:1:      elethiomel_arrival_shortcut, layout_basic, nicolae_figureground_pulse
D:2:      layout_loops_corners
D:3:      layout_loops_cross, chequers_serial_rivers_small_a, uniq_robin
D:4:      minmay_opposing_rooms, layout_basic, fedhas_altar_2,
          kennysheep_mini_moat, general_overflow_altar, kennysheep_nondescript,
          saegor_snake_ambush, uniq_crazy_yiuf_cottage, uniq_edmund
D:5:      layout_gridville, kennysheep_mini, corexii_corridor_pit,
          chequers_serial_rivers_room_b
D:6:      layout_loops_ring, marbit_many_paths,
          mainiacjoe_overflow_divided_tiny, dk_yredelemnul_ordeal,
          gup_sewer_entry_glass, corexii_leaking_fountain, grunt_decor_junction,
          hangedman_decor_lopped, minmay_ruined_shrine

Skill      XL: |  1  2  3  4  5  6  7  8 |
---------------+-------------------------+-----
Fighting       | 4 |  4.1
Maces & Flails | 4 6 8 9 |  9.1
Shields        | 1 2 3 5 |  5.3
Slings         | 1 |  1.6
Throwing       | |  0.2
Armour         | |  2.3
Dodging        | |  1.6

Action                   |  1- 3 |  4- 6 |  7- 9 || total
-------------------------+-------+-------+-------++-------
Melee: Mace              |    66 |       |       ||    66
       Flail             |    44 |   185 |   207 ||   436
 Fire: Hunting sling     |     2 |       |     3 ||     5
Throw: Javelin           |     2 |       |       ||     2
       Stone             |       |       |     1 ||     1
Invok: Trog's Hand       |       |     2 |       ||     2
       Berserk           |       |     1 |     2 ||     3
  Use: Scroll            |       |     3 |     2 ||     5
       Potion            |       |       |     1 ||     1
 Stab: Sleeping          |     1 |       |       ||     1
Armor: Animal skin       |    46 |    17 |       ||    63
       Chain mail        |       |    51 |   107 ||   158
       Leather armour    |       |     5 |       ||     5
       Scale mail        |       |     4 |       ||     4
Dodge: Dodged            |    81 |    85 |    51 ||   217
Block: Buckler           |     5 |    55 |    93 ||   153
       Reflection        |       |     1 |    11 ||    12

Table legend: (Time is in decaauts)
 A = Elapsed time spent in this place.
 B = Non-inter-level travel time spent in this place.
 C = Inter-level travel time spent in this place.
 D = Time resting spent in this place.
 E = Time spent auto-exploring this place.
 F = Levels seen in this place.
 G = Mean time per level.
                   A        B        C        D        E       F      G
               +--------+--------+--------+--------+--------+-----+--------+
         Total |   6603 |   6483 |    120 |    408 |   3861 |   7 |  943.3 |
       Dungeon |   6255 |   6135 |    120 |    402 |   3738 |   6 | 1042.5 |
         Sewer |    348 |    348 |      0 |      6 |    123 |   1 |  348.0 |
               +--------+--------+--------+--------+--------+-----+--------+

Top non-repeatable levels by time:
     D:4: 1383 daAuts
     D:1: 1366 daAuts
     D:5: 1232 daAuts
     D:2: 1116 daAuts
     D:3: 796 daAuts
     D:6: 361 daAuts
   Sewer: 348 daAuts
